 Dungeon Crawl Stone Soup version 0.16.2-12-gd0ad4c3 (webtiles) character file.

1628 faibistes the Thaumaturge (level 8, -2/48 HPs)
             Began as a Deep Elf Wizard on Mar 18, 2019.
             Shot with an arrow by a centaur (6 damage)
             ... on level 9 of the Dungeon.
             The game lasted 00:24:13 (8444 turns).

faibistes the Thaumaturge (Deep Elf Wizard)         Turns: 8444, Time: 00:24:13

Health: -2/48      AC:  7    Str:  4    XL:     8   Next: 65%
Magic:  7/28       EV: 15    Int: 26    God:
Gold:   270        SH:  0    Dex: 13    Spells: 6 memorised, 12 levels left

rFire  . . .     SeeInvis +     F - +1 dagger (drain)
rCold  . . .     Clarity  .     a - +0 robe
rNeg   + . .     SustAb   .     (no shield)
rPois  +         Gourm    .     r - +2 helmet {SInv}
rElec  .         Spirit   .     p - +1 cloak
rCorr  +         Warding  .     (no gloves)
rMut   .         Stasis   .     (no boots)
MR     .....                    m - amulet of resist corrosion
Stlth  ++........               I - ring of poison resistance
                                s - ring of positive energy

@: very slightly contaminated, not resistant to hostile enchantments, unstealthy
A: no striking features
a: no special abilities


You were on level 9 of the Dungeon.
You were hungry.

You visited 1 branch of the dungeon, and saw 10 of its levels.
You also visited: Sewer.

You collected 270 gold pieces.

Inventory:

Hand weapons
 g - a +0 club
 n - a +1 dagger
 F - a +1 dagger of draining (weapon)
Armour
 a - a +0 robe (worn)
 p - a +1 cloak (worn)
 r - a +2 helmet of see invisible (worn)
Magical staves
 u - an uncursed staff of air
Jewellery
 b - a +6 ring of dexterity
 m - an amulet of resist corrosion (around neck)
 s - a ring of positive energy (left hand)
 E - an uncursed ring of positive energy
 I - a ring of poison resistance (right hand)
Magical devices
 q - a wand of lightning (5)
 y - a wand of paralysis (11)
Scrolls
 l - 6 scrolls of teleportation
 o - a scroll of enchant weapon
 w - a scroll of immolation
 H - 2 scrolls of remove curse
 K - 3 scrolls of amnesia
Potions
 e - 2 potions of brilliance {unknown}
 f - 2 potions of magic {unknown}
 h - 2 potions of restore abilities
 j - 2 potions of invisibility
 k - a potion of might {unknown}
 x - a potion of agility {unknown}
 z - a potion of cancellation {unknown}
 B - a potion of haste {unknown}
 D - a potion of heal wounds {unknown}
 G - 3 potions of curing
Books
 c - a book of Minor Magic

   Spells                             Type                      Level
   a - Magic Dart                     Conjuration                  1
   b - Blink                          Translocation                2
   c - Call Imp                       Summoning                    2
   d - Repel Missiles                 Charms/Air                   2
   e - Slow                           Hexes                        2
   f - Conjure Flame                  Conjuration/Fire             3
   g - Mephitic Cloud                 Conjuration/Poison/Air       3
 C - a book of Fire

   Spells                             Type                      Level
   a - Ignite Poison                  Fire/Transmutation           5
   b - Fireball                       Conjuration/Fire             5
   c - Bolt of Fire                   Conjuration/Fire             6
   d - Delayed Fireball               Conjuration/Fire             7
   e - Ring of Flames                 Charms/Fire                  7
Comestibles
 d - 3 bread rations
 i - 6 meat rations
 t - 4 fruits
 v - a royal jelly
 A - a beef jerky
 J - 3 chunks of flesh


   Skills:
 * Level 4.2 Fighting
 + Level 6.3 Dodging
 - Level 2.4 Stealth
 * Level 9.4 Spellcasting
 - Level 3.8 Conjurations
 - Level 1.1 Summonings
 - Level 1.1 Translocations
 + Level 4.3 Evocations


You had 12 spell levels left.
You knew the following spells:

 Your Spells              Type           Power        Failure   Level  Hunger
a - Magic Dart            Conj           ####         1%          1    None
b - Conjure Flame         Conj/Fire      ###.....     10%         3    None
c - Call Imp              Summ           ###.....     6%          2    None
d - Blink                 Tloc           N/A          6%          2    None
e - Mephitic Cloud        Conj/Pois/Air  ###.....     10%         3    None
f - Repel Missiles        Chrm/Air       ##....       10%         2    None


Dungeon Overview and Level Annotations

Branches:
Dungeon (10/15)
 Temple: D:4-7         Lair: D:8-11         Orc: D:9-12

Altars:
Ru


Message History

The quasit bites your crimson imp.
The quasit claws your crimson imp but does no damage.
The quasit completely misses your crimson imp.
Your crimson imp misses the quasit.
The centaur shoots an arrow.
The arrow hits you but does no damage.
You see here 2 arrows.
Casting: Call Imp
Confirm with . or Enter, or press ? or * to list all spells.
Aiming: Mephitic Cloud
Press: ? - help, Shift-Dir - straight line, f - centaur
Aim: a centaur, wielding a shortbow (lightly wounded)
You miscast Mephitic Cloud.
You are very lightly contaminated with residual magic.
Sparks of electricity dance between your hands.
The quasit bites your crimson imp.
The quasit claws your crimson imp but does no damage.
The quasit completely misses your crimson imp.
Your crimson imp barely misses the quasit.
The centaur shoots an arrow.
The arrow hits you.
You die...

........ ##)####.## .......<.
#[.<##..(## ........## ###
##.....#...## .#.......###.##
#...........# .........#....####
##.##)[..).##
........#..[>....####..#........#
......)....#......##............[
.......8.8........#............>.
...........§5...@......#.........
.....#.8.8.55................#.#.
#..((((S(..5c.......#....#....#[.
..P..............................
.....§...........................
8.8.8§....#########..............
.....§....# #..............
..8.8.....# #..............
..........# #.... .#.......


You could see a centaur, a quasit, 2 friendly crimson imps and a friendly white
imp.

Vanquished Creatures
  Grinder (D:3)
  Edmund (D:9)
  A sky beast (D:3)
  A centaur (D:6)
  A wyvern zombie (D:9)
  A scorpion (D:4)
  2 wights (D:8)
  A hound (D:4)
  A gnoll shaman (D:9)
  2 goliath beetles
  A jelly (D:8)
  Crazy Yiuf (D:3)
  A centaur skeleton (D:4)
  5 worker ants
  3 orc priests
  5 orc wizards
  A hound zombie (D:6)
  Robin (D:2)
  6 gnolls
  8 adders
  A river rat (D:6)
  A shadow imp (D:6)
  2 giant mites (D:6)
  3 worms
  An adder skeleton (D:9)
  5 giant geckos
  2 oozes
  19 orcs
  17 bats
  2 giant cockroaches
  15 hobgoblins
  3 quokkas
  5 ball pythons (Sewer)
  A giant gecko skeleton (D:7)
  8 giant newts
  A giant spore (D:9)
  18 goblins
  10 jackals
  15 kobolds
  15 rats
188 creatures vanquished.

Vanquished Creatures (collateral kills)
  A giant frog (D:6)
  A worker ant (D:4)
  A worm (D:2)
  2 orcs
5 creatures vanquished.

Vanquished Creatures (others)
  2 crimson imps
  An iron imp (D:4)
  2 white imps
  2 plants (Sewer)
7 creatures vanquished.

Grand Total: 200 creatures vanquished

Notes
Turn   | Place    | Note
--------------------------------------------------------------
     0 | D:1      | faibistes, the Deep Elf Wizard, began the quest for the Orb.
     0 | D:1      | Reached XP level 1. HP: 10/10 MP: 6/6
    32 | D:1      | Noticed an electric eel
   153 | D:1      | Reached XP level 2. HP: 15/15 MP: 0/10
   162 | D:1      | Learned a level 2 spell: Blink
   168 | D:1      | Learned a level 2 spell: Call Imp
   580 | D:1      | Reached skill level 5 in Spellcasting
   638 | D:1      | Reached XP level 3. HP: 19/19 MP: 7/14
   645 | D:1      | Learned a level 3 spell: Conjure Flame
   649 | D:1      | Learned a level 3 spell: Mephitic Cloud
  1891 | D:2      | Noticed Robin
  1993 | D:2      | Killed Robin
  1993 | D:2      | Reached XP level 4. HP: 22/24 MP: 9/17
  2001 | D:2      | Learned a level 2 spell: Repel Missiles
  2988 | D:3      | Noticed a sky beast
  3009 | D:3      | Killed a sky beast
  3009 | D:3      | Reached skill level 6 in Spellcasting
  3009 | D:3      | Reached XP level 5. HP: 28/28 MP: 12/20
  3229 | D:3      | Found a sacrificial altar of Ru.
  3408 | D:3      | Noticed Grinder
  3408 | D:3      | Paralysed by Grinder for 4 turns
  3428 | D:3      | Killed Grinder
  3428 | D:3      | Reached skill level 1 in Fighting
  3428 | D:3      | Reached skill level 7 in Spellcasting
  3428 | D:3      | Reached skill level 1 in Evocations
  3428 | D:3      | Reached XP level 6. HP: 30/34 MP: 14/23
  3542 | D:3      | Noticed Crazy Yiuf
  3552 | D:3      | Killed Crazy Yiuf
  3916 | D:4      | Reached XP level 7. HP: 28/39 MP: 11/25
  4569 | D:4      | Reached skill level 5 in Dodging
  4633 | D:5      | Entered Level 5 of the Dungeon
  4764 | D:6      | Reached skill level 8 in Spellcasting
  5233 | D:6      | Found a glowing drain.
  5238 | Sewer    | Entered a sewer
  6807 | D:7      | Reached XP level 8. HP: 26/46 MP: 12/27
  7577 | D:9      | Reached skill level 9 in Spellcasting
  7873 | D:9      | Noticed Edmund
  8245 | D:9      | Killed Edmund
  8347 | D:10     | Entered Level 10 of the Dungeon
  8444 | D:9      | Shot with an arrow by a centaur

Action                   |  1- 3 |  4- 6 |  7- 9 || total
-------------------------+-------+-------+-------++-------
Melee: Dagger            |     1 |     4 |     9 ||    14
       Staff             |       |     6 |   173 ||   179
 Cast: Magic Dart        |   104 |    93 |   325 ||   522
       Mephitic Cloud    |     3 |     2 |    22 ||    27
       Call Imp          |     3 |       |    18 ||    21
       Conjure Flame     |     2 |     7 |    13 ||    22
       Blink             |     1 |       |     7 ||     8
       Repel Missiles    |       |     2 |     1 ||     3
Evoke: Wand              |       |       |     1 ||     1
  Use: Scroll            |     1 |     3 |     7 ||    11
       Potion            |       |       |     1 ||     1
 Stab: Sleeping          |       |       |     2 ||     2
  Eat: Chunk             |     2 |     6 |    14 ||    22
       Fruit             |       |     1 |       ||     1
